HAAA
SWIFT CURRENT INDIANS @ STAR CITY VOYAGERS
08/05/2078
 
TOP OF THE 1ST
Swift Current Indians batting - Pitching for Star City Voyagers : LHP Nick Bryan
Pitching: LHP Nick Bryan
Batting: RHB Johnny Moreno Jr. 0-0: Ball
1-0: Ball
2-0: Ground out 6-3 (Groundball, 4M, EV 85.6 MPH)
Batting: LHB Bryant Bane 0-0: Foul Ball, location: 2F
0-1: Ball
1-1: Ball
2-1: Ball
3-1: Base on Balls
Batting: RHB Jim Miller 0-0: Grounds into double play, 5-4-3 (Groundball, 56, EV 79.4 MPH)
Top of the 1st over - 0 runs, 0 hits, 0 errors, 0 left on base; Swift Current 0 - Star City 0
BOTTOM OF THE 1ST
Star City Voyagers batting - Pitching for Swift Current Indians : LHP Máximo González
Pitching: LHP Máximo González
Batting: RHB Gene Watson 0-0: Called Strike
0-1: Ball
1-1: Swinging Strike
1-2: Ball
2-2: Ball
3-2: Ground out 5-3 (Groundball, 56S, EV 91.3 MPH)
Batting: RHB Damon Forrest 0-0: Foul Ball, location: 2F
0-1: Hit by Pitch
Batting: SHB Jesse Holt 0-0: Foul Ball, location: 7LDF
0-1: Foul Ball, location: 5SF
0-2: Ball
1-2: Fielders Choice at 2nd, 4-6 (Groundball, 34, EV 101.9 MPH)
Batting: RHB Jon Moore 0-0: Ball
1-0: Swinging Strike
1-1: Ball
2-1: Foul Ball, location: 2F
2-2: Ball
Passed Ball!
Jesse Holt to second
3-2: Base on Balls
Batting: RHB Ignacio León 0-0: Ground out 5-3 (Groundball, 56S, EV 83.8 MPH)
Bottom of the 1st over - 0 runs, 0 hits, 0 errors, 2 left on base; Swift Current 0 - Star City 0
TOP OF THE 2ND
Swift Current Indians batting - Pitching for Star City Voyagers : LHP Nick Bryan
Batting: RHB Dave Robinson 0-0: TRIPLE (Line Drive, 89XD, EV 103.8 MPH)
Batting: SHB Paul Lucas 0-0: Called Strike
0-1: Fly out, F9 (Line Drive, 9, EV 88.8 MPH)
Runner from 3rd tags up, SCORES, throw by RF
Batting: RHB Brad Gilbert 0-0: Called Strike
0-1: Ball
1-1: Ball
2-1: Ground out 6-3 (Groundball, 6S, EV 83.1 MPH)
Batting: RHB Kevin Jamison 0-0: Ball
1-0: Ball
2-0: Ball
3-0: Base on Balls
Batting: RHB Gary Waller 0-0: Called Strike
0-1: Ball
1-1: Ball
2-1: Fielders Choice at 2nd, 4-6 (Groundball, 4MD, EV 81.3 MPH)
Top of the 2nd over - 1 run, 1 hit, 0 errors, 1 left on base; Swift Current 1 - Star City 0
BOTTOM OF THE 2ND
Star City Voyagers batting - Pitching for Swift Current Indians : LHP Máximo González
Batting: RHB David Torres 0-0: Called Strike
0-1: Fly out, F9 (Flyball, 9S, EV 83.1 MPH)
Batting: RHB Ángel Suárez 0-0: Ball
1-0: Ball
2-0: Foul Ball, location: 9LDF
2-1: Foul Ball, location: 5DF
2-2: Foul Ball, location: 2F
2-2: Strikes out swinging
Batting: RHB Pablo Hernández 0-0: Called Strike
0-1: Swinging Strike
0-2: Ball
1-2: Strikes out swinging
Bottom of the 2nd over - 0 runs, 0 hits, 0 errors, 0 left on base; Swift Current 1 - Star City 0
TOP OF THE 3RD
Swift Current Indians batting - Pitching for Star City Voyagers : LHP Nick Bryan
Batting: RHB Sergio Martínez 0-0: Ground out 4-3 (Groundball, 4M, EV 86.3 MPH)
Batting: RHB Johnny Moreno Jr. 0-0: Ball
1-0: TRIPLE (Groundball, 5L, EV 102.5 MPH)
Batting: LHB Bryant Bane 0-0: Ball
1-0: Fly out, F9 (Flyball, 89S, EV 94.4 MPH)
Batting: RHB Jim Miller 0-0: Ground out 4-3 (Groundball, 4S, EV 86.3 MPH)
Top of the 3rd over - 0 runs, 1 hit, 0 errors, 1 left on base; Swift Current 1 - Star City 0
BOTTOM OF THE 3RD
Star City Voyagers batting - Pitching for Swift Current Indians : LHP Máximo González
Batting: RHB Martín Campos 0-0: Called Strike
0-1: Ground out 4-3 (Groundball, 4, EV 91.3 MPH)
Batting: RHB Gene Watson 0-0: Fly out, F7 (Flyball, 78D, EV 96.3 MPH)
Batting: RHB Damon Forrest 0-0: Ball
1-0: Foul Ball, location: 23F
1-1: Called Strike
1-2: Foul Ball, location: 7LDF
1-2: DOUBLE (Line Drive, 5D, EV 60.0 MPH)
Batting: SHB Jesse Holt 0-0: Ball
1-0: Called Strike
1-1: Ground out 4-3 (Groundball, 4S, EV 90.6 MPH)
Bottom of the 3rd over - 0 runs, 1 hit, 0 errors, 1 left on base; Swift Current 1 - Star City 0
TOP OF THE 4TH
Swift Current Indians batting - Pitching for Star City Voyagers : LHP Nick Bryan
Batting: RHB Dave Robinson 0-0: Ball
1-0: Called Strike
1-1: Fly out, F8 (Flyball, 78D, EV 99.4 MPH)
Batting: SHB Paul Lucas 0-0: Ball
1-0: Called Strike
1-1: Ball
2-1: Ground out 6-3 (Groundball, 6, EV 103.8 MPH)
Batting: RHB Brad Gilbert 0-0: Ball
1-0: Called Strike
1-1: Fly out, F4 (Popup, 3DF, EV 42.5 MPH)
Top of the 4th over - 0 runs, 0 hits, 0 errors, 0 left on base; Swift Current 1 - Star City 0
BOTTOM OF THE 4TH
Star City Voyagers batting - Pitching for Swift Current Indians : LHP Máximo González
Batting: RHB Jon Moore 0-0: Called Strike
0-1: Foul Ball, location: 9LMF
0-2: Fly out, F8 (Line Drive, 8RD, EV 89.4 MPH)
Batting: RHB Ignacio León 0-0: Called Strike
0-1: Ball
1-1: Called Strike
1-2: Foul Ball, location: 5SF
1-2: Ball
2-2: Strikes out swinging
Batting: RHB David Torres 0-0: Called Strike
0-1: Ball
1-1: Called Strike
1-2: Strikes out swinging
Bottom of the 4th over - 0 runs, 0 hits, 0 errors, 0 left on base; Swift Current 1 - Star City 0
TOP OF THE 5TH
Swift Current Indians batting - Pitching for Star City Voyagers : LHP Nick Bryan
Batting: RHB Kevin Jamison 0-0: Ball
1-0: Ball
2-0: Foul Ball, location: 9LDF
2-1: Ball
3-1: Foul Ball, location: 2F
3-2: Foul Ball, location: 3F
3-2: Strikes out swinging
Batting: RHB Gary Waller 0-0: Ball
1-0: Called Strike
1-1: Swinging Strike
1-2: Foul Ball, location: 2F
1-2: Foul Ball, location: 5DF
1-2: Ball
2-2: Ground out 4-3 (Groundball, 4, EV 80.0 MPH)
Batting: RHB Sergio Martínez 0-0: Called Strike
0-1: TRIPLE (Flyball, 9LD, EV 96.9 MPH)
Batting: RHB Johnny Moreno Jr. 0-0: Called Strike
0-1: Swinging Strike
0-2: Ball
1-2: Fly out, F7 (Flyball, 7, EV 94.4 MPH)
Top of the 5th over - 0 runs, 1 hit, 0 errors, 1 left on base; Swift Current 1 - Star City 0
BOTTOM OF THE 5TH
Star City Voyagers batting - Pitching for Swift Current Indians : LHP Máximo González
Batting: RHB Ángel Suárez 0-0: Called Strike
0-1: SINGLE (Groundball, 4MD, EV 101.3 MPH)
Batting: RHB Pablo Hernández 0-0: Called Strike
0-1: Hit by Pitch
Ángel Suárez to second
Batting: RHB Martín Campos 0-0: Ball
1-0: Sac Bunt to 13 - play at first, batter OUT! 1-4
Ángel Suárez to third
Pablo Hernández to second
Batting: RHB Gene Watson 0-0: Ball
1-0: Ball
2-0: Called Strike
2-1: Fly out, F8 (Flyball, 89M, EV 92.5 MPH)
Runner from 3rd tags up, SCORES, throw by CF
Pablo Hernández to third
Batting: RHB Damon Forrest 0-0: Ground out 5-3 (Groundball, 56, EV 99.4 MPH)
Bottom of the 5th over - 1 run, 1 hit, 0 errors, 1 left on base; Swift Current 1 - Star City 1
TOP OF THE 6TH
Swift Current Indians batting - Pitching for Star City Voyagers : LHP Nick Bryan
Batting: LHB Bryant Bane 0-0: Ball
1-0: Called Strike
1-1: Swinging Strike
1-2: Ball
2-2: Strikes out swinging
Batting: RHB Jim Miller 0-0: Ball
1-0: Ground out 6-3 (Groundball, 6, EV 93.1 MPH)
Batting: RHB Dave Robinson 0-0: Ball
1-0: Ball
2-0: Ball
3-0: Called Strike
3-1: Swinging Strike
3-2: Foul Ball, location: 2F
3-2: Foul Ball, location: 2F
3-2: Foul Ball, location: 2F
3-2: Base on Balls
Batting: SHB Paul Lucas 0-0: Ball
1-0: Ball
2-0: Ball
3-0: Called Strike
3-1: Fly out, F8 (Flyball, 89D, EV 105.6 MPH)
Top of the 6th over - 0 runs, 0 hits, 0 errors, 1 left on base; Swift Current 1 - Star City 1
BOTTOM OF THE 6TH
Star City Voyagers batting - Pitching for Swift Current Indians : LHP Máximo González
Batting: SHB Jesse Holt 0-0: Called Strike
0-1: Ball
1-1: Fly out, F3 (Popup, 3F, EV 75.0 MPH)
Batting: RHB Jon Moore 0-0: Ball
1-0: Called Strike
1-1: Ball
2-1: Swinging Strike
2-2: Reached via error on a dropped throw from P, E3 (Groundball, 13, EV 66.3 MPH)
Batting: RHB Ignacio León 0-0: Ball
1-0: Called Strike
1-1: Foul Ball, location: 3F
1-2: DOUBLE (Flyball, 8LXD, EV 103.1 MPH)
Jon Moore to third
Runner from 3rd tries for Home, SAFE, throw by CF to trailing runner, SAFE at third!
Batting: RHB David Torres 0-0: Ball
1-0: Ball
2-0: Called Strike
2-1: Foul Ball, location: 5FF
2-2: Strikes out looking
Batting: RHB Ángel Suárez 0-0: Called Strike
0-1: Fly out, F8 (Flyball, 78D, EV 90.0 MPH)
Bottom of the 6th over - 1 run, 1 hit, 1 error, 1 left on base; Swift Current 1 - Star City 2
TOP OF THE 7TH
Swift Current Indians batting - Pitching for Star City Voyagers : LHP Nick Bryan
Batting: RHB Brad Gilbert 0-0: Ball
1-0: Swinging Strike
1-1: Ball
2-1: Fly out, F9 (Flyball, 89M, EV 89.4 MPH)
Batting: RHB Kevin Jamison 0-0: Ball
1-0: Ball
2-0: SINGLE (Groundball, 34S, EV 71.9 MPH) (infield hit)
Pitching: RHP Guy Buettner
Pinch Hitting: LHB Burton Woodard 0-0: Called Strike
0-1: Ball
1-1: Ball
2-1: Ball
3-1: Foul Ball, location: 23F
3-2: Single, Error in OF, E9, batter to second base (Groundball, 34D, EV 94.4 MPH)
Kevin Jamison to third
Batting: RHB Sergio Martínez 0-0: SINGLE (Line Drive, 56D, EV 96.9 MPH)
Kevin Jamison scores
Burton Woodard to third
Runner from 3rd tries for Home, SAFE, throw by LF to home
Batting: RHB Johnny Moreno Jr. 0-0: Called Strike
0-1: Ball
1-1: Ball
2-1: SINGLE (Groundball, 4MD, EV 106.3 MPH)
Sergio Martínez to second
Batting: LHB Bryant Bane 0-0: Called Strike
0-1: Foul Ball, location: 2LF
0-2: Ball
1-2: Ball
2-2: Ball
3-2: Foul Ball, location: 5FF
3-2: Base on Balls
Sergio Martínez to third
Johnny Moreno Jr. to second
Batting: RHB Jim Miller 0-0: Ball
1-0: Fly out, F8 (Flyball, 78D, EV 93.8 MPH)
Runner from 3rd tags up, SCORES, throw by CF
Batting: RHB Dave Robinson 0-0: Ball
1-0: SINGLE (Line Drive, 56, EV 94.4 MPH)
Johnny Moreno Jr. to third
Bryant Bane to second
Runner from 3rd tries for Home, SAFE, throw by LF to home
Batting: SHB Paul Lucas 0-0: Called Strike
0-1: Ball
1-1: Ball
2-1: Ball
3-1: Foul Ball, location: 7LSF
3-2: Base on Balls
Bryant Bane to third
Dave Robinson to second
Batting: RHB Brad Gilbert 0-0: Ground out 5-3 (Groundball, 56S, EV 82.5 MPH)
Top of the 7th over - 4 runs, 5 hits, 1 error, 3 left on base; Swift Current 5 - Star City 2
BOTTOM OF THE 7TH
Star City Voyagers batting - Pitching for Swift Current Indians : LHP Máximo González
Now at 1B: Mark Ruffin
Now at 3B: Brad Gilbert
Now in LF: Bryant Bane
Batting: RHB Pablo Hernández 0-0: Called Strike
0-1: Swinging Strike
0-2: Ball
1-2: Ball
2-2: Strikes out swinging
Batting: RHB Martín Campos 0-0: Foul Ball, location: 3SF
0-1: DOUBLE (Flyball, 78D, EV 106.3 MPH)
Batting: RHB Gene Watson 0-0: Called Strike
0-1: Ball
1-1: Called Strike
1-2: Fly out, F4 (Line Drive, 4, EV 76.3 MPH)
Lined into DP, 4-6 (Line Drive, 4, EV 76.3 MPH)
Bottom of the 7th over - 0 runs, 1 hit, 0 errors, 0 left on base; Swift Current 5 - Star City 2
TOP OF THE 8TH
Swift Current Indians batting - Pitching for Star City Voyagers : RHP Guy Buettner
Pitching: RHP Bart Petherbridge
Batting: RHB Kevin Jamison 0-0: Ball
1-0: Ball
2-0: Ball
3-0: Base on Balls
Batting: RHB Mark Ruffin 0-0: Fly out, F8 (Flyball, 8LM, EV 95.6 MPH)
Batting: RHB Sergio Martínez 0-0: Called Strike
0-1: Ball
1-1: Called Strike
1-2: Strikes out looking
Batting: RHB Johnny Moreno Jr. 0-0: Foul Ball, location: 2F
0-1: Foul Ball, location: 7LMFF
0-2: Ball
Wild Pitch!
Kevin Jamison to second
1-2: Ball
2-2: Strikes out swinging
Top of the 8th over - 0 runs, 0 hits, 0 errors, 1 left on base; Swift Current 5 - Star City 2
BOTTOM OF THE 8TH
Star City Voyagers batting - Pitching for Swift Current Indians : LHP Máximo González
Batting: RHB Damon Forrest 0-0: Ball
1-0: Called Strike
1-1: Ball
2-1: Swinging Strike
2-2: Foul Ball, location: 2F
2-2: Foul Ball, location: 3F
2-2: SINGLE (Groundball, 34D, EV 108.1 MPH)
Pitching: RHP Ramón Velasco
Batting: SHB Jesse Holt 0-0: Ball
1-0: Ball
2-0: Ball
3-0: Base on Balls
Damon Forrest to second
Batting: RHB Jon Moore 0-0: Foul Ball, location: 2F
0-1: Ball
1-1: Ball
2-1: Foul Ball, location: 2F
2-2: Ball
3-2: Strikes out swinging
Batting: RHB Ignacio León 0-0: Ball
1-0: Called Strike
1-1: Ball
2-1: Foul Ball, location: 9LMF
2-2: Fly out, F4 (Popup, 4, EV 66.3 MPH)
Batting: RHB David Torres 0-0: Called Strike
0-1: Called Strike
0-2: Fielders Choice at 2nd, 6-4 (Groundball, 6, EV 84.4 MPH)
Bottom of the 8th over - 0 runs, 1 hit, 0 errors, 2 left on base; Swift Current 5 - Star City 2
TOP OF THE 9TH
Swift Current Indians batting - Pitching for Star City Voyagers : RHP Bart Petherbridge
Batting: LHB Bryant Bane 0-0: Called Strike
0-1: Ball
1-1: Foul Ball, location: 23FF
1-2: Ball
2-2: Fly out, F1 (Popup, P, EV 76.9 MPH)
Batting: RHB Jim Miller 0-0: Ball
1-0: Ball
2-0: Ball
3-0: Called Strike
3-1: Foul Ball, location: 2F
3-2: Foul Ball, location: 3FF
3-2: SINGLE (Line Drive, 78S, EV 89.4 MPH)
Batting: RHB Dave Robinson 0-0: Foul Ball, location: 2F
0-1: Foul Ball, location: 5F
0-2: Foul Ball, location: 9LDF
0-2: Ball
1-2: Fielders Choice at 2nd, 1-6 (Groundball, 34S, EV 67.5 MPH)
Pitching: LHP Chad MacKinnon
Batting: SHB Paul Lucas 0-0: Ball
Dave Robinson is caught stealing 2nd base 2-4
Top of the 9th over - 0 runs, 1 hit, 0 errors, 0 left on base; Swift Current 5 - Star City 2
BOTTOM OF THE 9TH
Star City Voyagers batting - Pitching for Swift Current Indians : RHP Ramón Velasco
Pitching: RHP Rod Harper
Batting: RHB Ángel Suárez 0-0: Ball
1-0: Called Strike
1-1: Ball
2-1: Ball
3-1: Foul Ball, location: 2F
3-2: Base on Balls
Pinch Hitting: RHB Ray Stanley 0-0: Ball
1-0: Ball
2-0: Ball
3-0: Called Strike
3-1: Base on Balls
Ángel Suárez to second
Pinch Hitting: RHB Patrick Baker 0-0: Ball
1-0: Fly out, F6 (Popup, 56D, EV 71.9 MPH)
Batting: RHB Gene Watson 0-0: Called Strike
0-1: Ball
1-1: Foul Ball, location: 5F
1-2: Strikes out swinging
Batting: RHB Damon Forrest 0-0: Swinging Strike
0-1: SINGLE (Groundball, 34D, EV 98.8 MPH)
Ángel Suárez to third
Ray Stanley to second
Batting: SHB Jesse Holt 0-0: Ball
1-0: Called Strike
1-1: DOUBLE (Groundball, 5L, EV 102.5 MPH)
Ángel Suárez scores
Ray Stanley scores
Damon Forrest to third
Runner from 3rd tries for Home, SAFE, throw by LF to trailing runner, OUT at third! 7-3-5
Bottom of the 9th over - 3 runs, 2 hits, 0 errors, 0 left on base; Swift Current 5 - Star City 5
TOP OF THE 10TH
Swift Current Indians batting - Pitching for Star City Voyagers : LHP Chad MacKinnon
Pitching: RHP Nick Coleman
Now at C: Kieran Edwards
Now in CF: Hubert Lester
Batting: SHB Paul Lucas 0-0: Ball
1-0: Called Strike
1-1: Swinging Strike
1-2: Ground out 1-3 (Groundball, 34S, EV 61.9 MPH)
Batting: RHB Brad Gilbert 0-0: Ball
1-0: Called Strike
1-1: Swinging Strike
1-2: Foul Ball, location: 7LMF
1-2: Strikes out swinging
Batting: RHB Kevin Jamison 0-0: Ball
1-0: Ball
2-0: Ball
3-0: Base on Balls
Batting: RHB Mark Ruffin 0-0: Ball
Kevin Jamison steals 2nd base
1-0: Intentional Walk
Pinch Hitting: RHB Jesús De La Rosa 0-0: Called Strike
0-1: Foul Ball, location: 5FF
0-2: Ball
1-2: Strikes out swinging
Top of the 10th over - 0 runs, 0 hits, 0 errors, 2 left on base; Swift Current 5 - Star City 5
BOTTOM OF THE 10TH
Star City Voyagers batting - Pitching for Swift Current Indians : RHP Rod Harper
Pitching: RHP Gill Lobos
Now at C: Juan Rodríguez
Batting: RHB Jon Moore 0-0: Foul Ball, location: 2F
0-1: Ball
1-1: Ball
2-1: Swinging Strike
2-2: Ground out 3-1 (Groundball, 34S, EV 77.5 MPH)
Batting: RHB Ignacio León 0-0: Ball
1-0: SINGLE (Groundball, 56S, EV 63.1 MPH) (infield hit)
Batting: RHB David Torres 0-0: Foul Ball, location: 2F
0-1: Ball
1-1: Ball
2-1: Foul Ball, location: 25F
2-2: Foul Ball, location: 5DF
2-2: Ball
3-2: Base on Balls
Ignacio León to second
Batting: RHB Ángel Suárez 0-0: Fielders Choice at 2nd, 5-4 (Groundball, 56, EV 105.6 MPH)
Ignacio León to third
Batting: RHB Hubert Lester 0-0: Foul Ball, location: 7LDF
0-1: Ground out 2-3 (Groundball, 15S, EV 71.3 MPH)
Bottom of the 10th over - 0 runs, 1 hit, 0 errors, 2 left on base; Swift Current 5 - Star City 5
TOP OF THE 11TH
Swift Current Indians batting - Pitching for Star City Voyagers : RHP Nick Coleman
Pitching: RHP Leonardo González
Batting: RHB Johnny Moreno Jr. 0-0: Ball
1-0: Ball
2-0: Ball
3-0: Called Strike
3-1: Called Strike
3-2: Foul Ball, location: 9LDF
3-2: SINGLE (Groundball, 5S, EV 69.4 MPH) (infield hit)
Batting: LHB Bryant Bane 0-0: Sac Bunt to 5S - play at first, batter safe!
Johnny Moreno Jr. to second
Batting: RHB Jim Miller 0-0: Called Strike
0-1: Ball
1-1: SINGLE (Line Drive, 78M, EV 107.5 MPH)
Johnny Moreno Jr. to third
Bryant Bane to second
Batting: RHB Dave Robinson 0-0: Called Strike
0-1: Ball
1-1: Called Strike
1-2: Strikes out swinging
Batting: SHB Paul Lucas 0-0: Called Strike
0-1: Foul Ball, location: 2F
0-2: Ball
1-2: Strikes out swinging
Batting: RHB Brad Gilbert 0-0: DOUBLE (Groundball, 3L, EV 96.9 MPH)
Johnny Moreno Jr. scores
Bryant Bane scores
Jim Miller to third
Batting: RHB Kevin Jamison 0-0: Ball
1-0: Ball
2-0: Called Strike
2-1: Ball
3-1: Ground out 1-3 (Groundball, P, EV 69.4 MPH)
Top of the 11th over - 2 runs, 4 hits, 0 errors, 2 left on base; Swift Current 7 - Star City 5
BOTTOM OF THE 11TH
Star City Voyagers batting - Pitching for Swift Current Indians : RHP Gill Lobos
Pinch Hitting: LHB Phil McKnight 0-0: Ball
1-0: Ball
2-0: Fly out, F6 (Popup, 4M, EV 75.6 MPH)
Batting: RHB Gene Watson 0-0: Ball
1-0: Ball
2-0: Foul Ball, location: 23FF
2-1: Ball
3-1: Called Strike
3-2: Base on Balls
Batting: RHB Damon Forrest 0-0: DOUBLE (Flyball, 8LXD, EV 96.9 MPH)
Gene Watson to third
Batting: SHB Jesse Holt 0-0: Ball
1-0: Ball
2-0: Ground out U3 (Groundball, 3S, EV 68.8 MPH)
Batting: RHB Jon Moore 0-0: Ball
1-0: Ball
2-0: Foul Ball, location: 9LMF
2-1: DOUBLE (Line Drive, 9LM, EV 107.5 MPH)
Gene Watson scores
Damon Forrest scores
Batting: RHB Ignacio León 0-0: Intentional Walk
Batting: RHB David Torres 0-0: Fielders Choice at 2nd, 5-4 (Groundball, 56, EV 85.6 MPH)
Bottom of the 11th over - 2 runs, 2 hits, 0 errors, 2 left on base; Swift Current 7 - Star City 7
TOP OF THE 12TH
Swift Current Indians batting - Pitching for Star City Voyagers : RHP Leonardo González
Now at C: Manny Robles
Batting: RHB Mark Ruffin 0-0: Called Strike
0-1: Ball
1-1: Foul Ball, location: 2F
1-2: Fly out, F9 (Flyball, 9, EV 91.9 MPH)
Batting: RHB Juan Rodríguez 0-0: Called Strike
0-1: Ball
1-1: Ball
2-1: Called Strike
2-2: Ball
3-2: Foul Ball, location: 2F
3-2: Fly out, F8 (Flyball, 8LD, EV 93.1 MPH)
Batting: RHB Johnny Moreno Jr. 0-0: Ball
1-0: Called Strike
1-1: Called Strike
1-2: Fly out, F4 (Popup, 3S, EV 78.1 MPH)
Top of the 12th over - 0 runs, 0 hits, 0 errors, 0 left on base; Swift Current 7 - Star City 7
BOTTOM OF THE 12TH
Star City Voyagers batting - Pitching for Swift Current Indians : RHP Gill Lobos
Batting: RHB Ángel Suárez 0-0: Ball
1-0: Ball
2-0: Ball
3-0: Base on Balls
Batting: RHB Hubert Lester 0-0: Bunt - Flyout to P! F1
Batting: RHB Manny Robles 0-0: Sac Bunt to 13S - play at first, batter OUT! 1-3
Ángel Suárez to second
Batting: RHB Gene Watson 0-0: Intentional Walk
Batting: RHB Damon Forrest 0-0: Ball
1-0: Foul Ball, location: 2F
1-1: Foul Ball, location: 2F
1-2: Foul Ball, location: 9LMF
1-2: Ball
2-2: Ball
3-2: Base on Balls
Ángel Suárez to third
Gene Watson to second
Batting: SHB Jesse Holt 0-0: Ball
1-0: Ball
2-0: Ground out 3-1 (Groundball, 34, EV 98.8 MPH)
Bottom of the 12th over - 0 runs, 0 hits, 0 errors, 3 left on base; Swift Current 7 - Star City 7
TOP OF THE 13TH
Swift Current Indians batting - Pitching for Star City Voyagers : RHP Leonardo González
Batting: LHB Bryant Bane 0-0: Called Strike
0-1: Foul Ball, location: 3DF
0-2: Strikes out looking
Batting: RHB Jim Miller 0-0: Ball
1-0: Foul Ball, location: 2F
1-1: Foul Ball, location: 9LSF
1-2: Strikes out swinging
Batting: RHB Dave Robinson 0-0: Ball
1-0: Ball
2-0: Foul Ball, location: 9LSF
2-1: Ball
3-1: Foul Ball, location: 5F
3-2: Base on Balls
Batting: SHB Paul Lucas 0-0: Swinging Strike
0-1: Ball
1-1: SINGLE (Line Drive, 34, EV 98.8 MPH)
Dave Robinson to second
Batting: RHB Brad Gilbert 0-0: Ball
1-0: Ball
2-0: Called Strike
2-1: Swinging Strike
2-2: SINGLE (Groundball, 15, EV 71.3 MPH) (infield hit)
Dave Robinson to third
Paul Lucas to second
Pitching: RHP Jim Unknown
Batting: RHB Kevin Jamison 0-0: Called Strike
0-1: Swinging Strike
0-2: Ball
1-2: Foul Ball, location: 23FF
1-2: Strikes out swinging
Top of the 13th over - 0 runs, 2 hits, 0 errors, 3 left on base; Swift Current 7 - Star City 7
BOTTOM OF THE 13TH
Star City Voyagers batting - Pitching for Swift Current Indians : RHP Gill Lobos
Batting: RHB Jon Moore 0-0: Called Strike
0-1: Ball
1-1: Ball
2-1: Ball
3-1: Foul Ball, location: 2F
3-2: Foul Ball, location: 3F
3-2: Base on Balls
Pitching: RHP Tom Ray
Batting: RHB Ignacio León 0-0: Swinging Strike
0-1: Called Strike
Jon Moore steals 2nd base
0-2: Fly out, F8 (Flyball, 8RM, EV 83.8 MPH)
Batting: RHB David Torres 0-0: Intentional Walk
Batting: RHB Ángel Suárez 0-0: Called Strike
0-1: Foul Ball, location: 9LDF
0-2: Ball
1-2: Strikes out swinging
Batting: RHB Hubert Lester 0-0: Foul Ball, location: 9LSF
0-1: Foul Ball, location: 2F
0-2: Ball
1-2: Foul Ball, location: 9LDF
1-2: Ground out 4-3 (Groundball, 4, EV 81.3 MPH)
Bottom of the 13th over - 0 runs, 0 hits, 0 errors, 2 left on base; Swift Current 7 - Star City 7
TOP OF THE 14TH
Swift Current Indians batting - Pitching for Star City Voyagers : RHP Jim Unknown
Batting: RHB Mark Ruffin 0-0: Foul Ball, location: 7LMF
0-1: Foul Ball, location: 3F
0-2: Strikes out swinging
Batting: RHB Juan Rodríguez 0-0: Ball
1-0: Ground out 5-3 (Groundball, 5, EV 100.0 MPH)
Batting: RHB Johnny Moreno Jr. 0-0: Ball
1-0: Called Strike
1-1: Hit by Pitch
Batting: LHB Bryant Bane 0-0: Foul Ball, location: 2F
0-1: Swinging Strike
0-2: Ball
1-2: Strikes out swinging
Top of the 14th over - 0 runs, 0 hits, 0 errors, 1 left on base; Swift Current 7 - Star City 7
BOTTOM OF THE 14TH
Star City Voyagers batting - Pitching for Swift Current Indians : RHP Tom Ray
Batting: RHB Manny Robles 0-0: Ball
1-0: Called Strike
1-1: Called Strike
1-2: Foul Ball, location: 25F
1-2: Strikes out swinging
Batting: RHB Gene Watson 0-0: Foul Ball, location: 7LMF
0-1: Ball
1-1: Ball
2-1: Ball
3-1: Base on Balls
Batting: RHB Damon Forrest 0-0: Foul Ball, location: 5F
0-1: Ball
1-1: Bunt missed!
1-2: Fly out, F7 (Flyball, 7S, EV 94.4 MPH)
Batting: SHB Jesse Holt 0-0: Called Strike
0-1: DOUBLE (Line Drive, 78XD, EV 102.5 MPH)
Gene Watson to third
Batting: RHB Jon Moore 0-0: Foul Ball, location: 7LSF
0-1: Ball
1-1: Foul Ball, location: 7LMF
1-2: Ball
2-2: Ball
3-2: Ground out 5-3 (Groundball, 5, EV 81.3 MPH)
Bottom of the 14th over - 0 runs, 1 hit, 0 errors, 2 left on base; Swift Current 7 - Star City 7
TOP OF THE 15TH
Swift Current Indians batting - Pitching for Star City Voyagers : RHP Jim Unknown
Batting: RHB Jim Miller 0-0: Ball
1-0: Ball
2-0: Foul Ball, location: 2F
2-1: SINGLE (Line Drive, 9S, EV 110.6 MPH)
Batting: RHB Dave Robinson 0-0: Bunt - Flyout to 13! F1
Batting: SHB Paul Lucas 0-0: Sac Bunt to 2L - play at first, batter OUT! 2-3
Jim Miller to second
Batting: RHB Brad Gilbert 0-0: Intentional Walk
Pinch Runner at 2nd Mark McClure:
Batting: RHB Kevin Jamison 0-0: Called Strike
0-1: Ball
1-1: Fly out, F7 (Flyball, 78M, EV 75.6 MPH)
Top of the 15th over - 0 runs, 1 hit, 0 errors, 2 left on base; Swift Current 7 - Star City 7
BOTTOM OF THE 15TH
Star City Voyagers batting - Pitching for Swift Current Indians : RHP Tom Ray
Now at 2B: Mark McClure
Batting: RHB Ignacio León 0-0: Ball
1-0: Fly out, F8 (Flyball, 8LM, EV 96.3 MPH)
Batting: RHB David Torres 0-0: Ball
1-0: Foul Ball, location: 5SF
1-1: Ball
2-1: Foul Ball, location: 23F
2-2: Ground out 6-3 (Groundball, 6, EV 88.1 MPH)
Batting: RHB Ángel Suárez 0-0: Ball
1-0: Ball
2-0: Ball
3-0: Base on Balls
Batting: RHB Hubert Lester 0-0: Called Strike
Ángel Suárez steals 2nd base
0-1: Ball
1-1: Intentional Walk
Batting: RHB Manny Robles 0-0: Fly out, F8 (Flyball, 8LM, EV 84.4 MPH)
Bottom of the 15th over - 0 runs, 0 hits, 0 errors, 2 left on base; Swift Current 7 - Star City 7
TOP OF THE 16TH
Swift Current Indians batting - Pitching for Star City Voyagers : RHP Jim Unknown
Batting: RHB Mark Ruffin 0-0: Ball
1-0: Swinging Strike
1-1: SINGLE (Flyball, 5D, EV 91.9 MPH)
Batting: RHB Juan Rodríguez 0-0: Sac Bunt to 13S - play at first, batter OUT! 1-3
Mark Ruffin to second
Batting: RHB Johnny Moreno Jr. 0-0: Foul Ball, location: 3SF
0-1: Ball
1-1: Ground out 5-3 (Groundball, 56, EV 87.5 MPH)
Batting: LHB Bryant Bane 0-0: Intentional Walk
Batting: RHB Mark McClure 0-0: Ball
1-0: Fielders Choice at 3rd, U5 (Groundball, 5, EV 91.9 MPH)
Top of the 16th over - 0 runs, 1 hit, 0 errors, 1 left on base; Swift Current 7 - Star City 7
BOTTOM OF THE 16TH
Star City Voyagers batting - Pitching for Swift Current Indians : RHP Tom Ray
Batting: RHB Gene Watson 0-0: Ball
1-0: Swinging Strike
1-1: Swinging Strike
1-2: Ball
2-2: Ball
3-2: Base on Balls
Pitching: RHP Spencer Burns
Batting: RHB Damon Forrest 0-0: Sac Bunt to P - play at first, batter OUT! 1-3
Gene Watson to second
Batting: SHB Jesse Holt 0-0: Intentional Walk
Batting: RHB Jon Moore 0-0: Ball
1-0: Grounds into double play, 4-6-3 (Groundball, 4, EV 81.9 MPH)
Bottom of the 16th over - 0 runs, 0 hits, 0 errors, 1 left on base; Swift Current 7 - Star City 7
TOP OF THE 17TH
Swift Current Indians batting - Pitching for Star City Voyagers : RHP Jim Unknown
Batting: RHB Dave Robinson 0-0: Fly out, F9 (Line Drive, 89M, EV 91.3 MPH)
Batting: SHB Paul Lucas 0-0: Ball
1-0: Ball
2-0: Ball
3-0: Base on Balls
Batting: RHB Brad Gilbert 0-0: Foul Ball, location: 23FF
0-1: SINGLE (Groundball, 6MD, EV 98.1 MPH)
Paul Lucas to second
Batting: RHB Kevin Jamison 0-0: Bunt - Flyout to P! F1
Batting: RHB Mark Ruffin 0-0: Called Strike
0-1: 3-RUN HOME RUN (Flyball, 7LD, EV 90.0 MPH), Distance : 337 ft
Batting: RHB Juan Rodríguez 0-0: Called Strike
0-1: Ball
1-1: Swinging Strike
1-2: Ball
2-2: Ball
3-2: Fly out, F7 (Flyball, 7LM, EV 84.4 MPH)
Top of the 17th over - 3 runs, 2 hits, 0 errors, 0 left on base; Swift Current 10 - Star City 7
BOTTOM OF THE 17TH
Star City Voyagers batting - Pitching for Swift Current Indians : RHP Spencer Burns
Batting: RHB Ignacio León 0-0: Ball
1-0: SINGLE (Flyball, 8LS, EV 92.5 MPH)
Batting: RHB David Torres 0-0: Foul Ball, location: 2F
0-1: Swinging Strike
0-2: Strikes out swinging
Batting: RHB Ángel Suárez 0-0: Ball
1-0: Ball
2-0: Called Strike
2-1: Fielders Choice at 2nd, 6-4 (Groundball, 6, EV 87.5 MPH)
Batting: RHB Hubert Lester 0-0: Swinging Strike
0-1: Ball
1-1: Fly out, F8 (Flyball, 8LD, EV 96.3 MPH)
Bottom of the 17th over - 0 runs, 1 hit, 0 errors, 1 left on base; Swift Current 10 - Star City 7
Sunday, April 21st , 2024 - OOTP Baseball 24.11 Build 85